 Dungeon Crawl Stone Soup version 0.19.1-1-g22dce08 (webtiles) character file.

60 zhar the Purveyor of Pain (level 3, -4/24 HPs)
             Began as a Vampire Necromancer on Jan 17, 2017.
             Was an Initiate of Kikubaaqudgha.
             Killed from afar by Natasha (5 damage)
             ... with a magic dart
             ... on level 2 of the Dungeon.
             The game lasted 00:17:42 (2585 turns).

zhar the Purveyor of Pain (Vampire Necromancer)     Turns: 2585, Time: 00:17:43

Health: -4/24      AC:  2    Str:  7    XL:     3   Next: 80%
Magic:  6/7        EV: 13    Int: 18    God:    Kikubaaqudgha [......]
Gold:   61         SH:  0    Dex: 14    Spells: 1 memorised, 6 levels left

rFire  . . .     SeeInvis +     o - +0 rapier
rCold  + . .     Gourm    .     a - +0 robe
rNeg   + + .     Faith    .     (no shield)
rPois  +         Spirit   .     (no helmet)
rElec  .         Reflect  .     (no cloak)
rCorr  .         Harm     .     (no gloves)
MR     .....                    (no boots)
Stlth  +++.......               (no amulet)
                                (no ring)
                                (no ring)

@: regenerating slowly
A: fangs 3, see invisible, unbreathing
a: Bat Form, Renounce Religion


You were on level 2 of the Dungeon.
You worshipped Kikubaaqudgha.
Kikubaaqudgha was noncommittal.
You were thirsty.

You visited 1 branch of the dungeon, and saw 2 of its levels.

You collected 61 gold pieces.

Inventory:

Hand Weapons
 d - a +2 dagger of venom
 h - a +0 dagger
 j - a +0 hunting sling
 k - a +0 short sword
 m - a +0 club
 o - a +0 rapier (weapon)
Missiles
 e - 7 tomahawks (quivered)
 i - 46 stones
 l - 24 sling bullets
Armour
 a - a +0 robe (worn)
Scrolls
 g - a scroll of magic mapping {unknown}
 n - a scroll of remove curse
Potions
 c - 11 potions of blood
Books
 b - a book of Necromancy

   Spells                             Type                      Level
   a - Pain                           Necromancy                   1
   b - Animate Skeleton               Necromancy                   1
   c - Vampiric Draining              Necromancy                   3
   d - Regeneration                   Charms/Necromancy            3
   e - Animate Dead                   Necromancy                   4
   f - Control Undead                 Necromancy                   4


   Skills:
 - Level 0.1 Fighting
 * Level 1.3 Short Blades
 + Level 2.5 Dodging
 + Level 3.2 Stealth
 + Level 2.7 Spellcasting
 + Level 5.0 Necromancy


You had 6 spell levels left.
You knew the following spells:

 Your Spells              Type           Power        Failure   Level  Hunger
a - Pain                  Necr           ###.         1%          1    #......


Dungeon Overview and Level Annotations

Branches:
Dungeon (2/15)

Altars:
Fedhas
Kikubaaqudgha

Annotations:
D:2 Natasha


Innate Abilities, Weirdness & Mutations

You heal slowly.
You have razor-sharp teeth.
You have supernaturally acute eyesight. (SInv)
You can survive without breathing.


Message History

Okay, then.
You fail to use your ability.
Natasha casts a spell.
Natasha stares at you and mumbles some strange words.
The magic dart hits you! The white imp gestures at you.
The puff of frost hits you! You resist. The white imp gestures at you.
The puff of frost hits you! You resist.
Found 2 grey potions.
You fail to use your ability.
The white imp laughs crazily.
Natasha casts a spell at you. The magic dart hits you!
* * * LOW HITPOINT WARNING * * *
An adder comes into view.
Natasha casts a spell at you. The magic dart hits you!
You die...
Kikubaaqudgha rasps: "You have failed me!
Welcome... oblivion!"

######..#.#
#.###...#
#.# ##..#
#.####h5#
#.....#.#
#####.#.#
#.#.##
#)#..#
#.#@.#
#.#..#
#.#...#
#.#.#.#
#.#.#.#
#.#.#.!
#.#S##..
#.#.# .>#
### ###.#


You could see Natasha, an adder (sleeping) and a white imp.

Vanquished Creatures
  An adder (D:2)
  An ooze (D:1)
  A worm (D:2)
  2 dart slugs (D:1)
  7 bats (D:1)
  4 giant cockroaches (D:1)
  4 goblins
  7 hobgoblins
  A ball python (D:1)
  2 frilled lizards
  5 kobolds
  5 rats
  A plant (D:2)
41 creatures vanquished.

Notes
Turn   | Place    | Note
-------+----------+-------------------------------------------
     0 | D:1      | zhar the Vampire Necromancer began the quest for the Orb.
     0 | D:1      | Reached XP level 1. HP: 13/13 MP: 3/3
   571 | D:1      | Reached XP level 2. HP: 19/19 MP: 3/5
  1111 | D:1      | Reached XP level 3. HP: 15/24 MP: 1/6
  1531 | D:1      | Reached skill level 1 in Short Blades
  1791 | D:2      | Noticed Natasha
  1935 | D:2      | Reached skill level 5 in Necromancy
  1956 | D:2      | Gained mutation: Your muscles are strong. (Str +2) [potion of beneficial mutation]
  1957 | D:2      | Lost mutation: Your muscles are strong. (Str +2) [potion of cure mutation]
  2449 | D:2      | Found a blossoming altar of Fedhas.
  2449 | D:2      | Found an ancient bone altar of Kikubaaqudgha.
  2527 | D:2      | Became a worshipper of Kikubaaqudgha
  2583 | D:2      | HP: 1/24 [Natasha/magic dart (7)]
  2585 | D:2      | Killed from afar by Natasha

Skill      XL: |  1  2  3 |
---------------+----------+-----
Short Blades   | 1 |  1.3
Necromancy     | 5 |  5.0
Fighting       | |  0.1
Dodging        | |  2.5
Stealth        | |  3.2
Spellcasting   | |  2.7

Action                   || total
-------------------------++-------
Melee: Unarmed           ||    11
       Bite              ||    12
       Dagger            ||    12
       Rapier            ||    61
 Cast: Pain              ||    61
  Use: Scroll            ||     2
       Potion            ||     4
  Eat: Corpse            ||     3
Armor: Robe              ||    13
Dodge: Dodged            ||    23
